 Dungeon Crawl Stone Soup version 0.30-a0-557-ge2afbf3030 (webtiles) character file.

Game seed: 254824873757112215

4 stormannn the Grave Robber (level 1, -3/14 HPs)
             Began as a Ghoul Necromancer on Dec 27, 2022.
             Slain by a kobold
             ... wielding a +0 whip
              (4 damage)
             ... on level 1 of the Dungeon.
             The game lasted 00:03:28 (199 turns).

stormannn the Grave Robber (Ghoul Necromancer)       Turns: 199, Time: 00:03:29

Health: -3/14      AC:  2    Str: 11    XL:     1   Next: 60%
Magic:  0/2        EV: 12    Int: 10    God:
Gold:   15         SH:  0    Dex:  9    Spells: 2/3 levels left

rFire   . . .      SeeInvis .    (no weapon)
rCold   + . .      Faith    .    (no shield)
rNeg    + + +      Spirit   .    a - +0 robe
rPois   ∞          Reflect  .    (no helmet)
rElec   .          Harm     .    (no cloak)
rCorr   .          Rampage  .    (no gloves)
Will    .....                    (no boots)
Stlth   ++                       (no amulet)
HPRegen 0.00/turn                (no ring)
MPRegen 0.08/turn                (no ring)

@: attractive, very slightly contaminated, inhibited regen
A: claws 1, cold resistance 1, negative energy resistance 3, inhibited
regeneration, torment resistance 2, devour on kill
a: no special abilities


You were on level 1 of the Dungeon.
You visited 1 branch of the dungeon, and saw 1 of its levels.

You collected 15 gold pieces.

Inventory:

Hand Weapons
 c - a +0 short sword
Armour
 a - a +0 robe (worn)
Scrolls
 d - a scroll of magic mapping {unknown}
Potions
 b - a potion of magic
 e - a potion of attraction


   Skills:
 * Level 1.9 Dodging
 + Level 2.3 Stealth
 * Level 1.8 Spellcasting
 + Level 4.0 Necromancy


You had 2 spell levels left.
You knew the following spells:

 Your Spells              Type           Power      Damage    Failure   Level
a - Necrotise             Necr           36%        1d5       6%          1

Your spell library contained the following spells:

 Spells                   Type           Power      Damage    Failure   Level
 Vampiric Draining        Necr           9%         2d6       19%         3
 Animate Dead             Necr           9%         N/A       52%         4
 Agony                    Necr           9%         N/A       86%         5


Dungeon Overview and Level Annotations

Branches:
Dungeon (1/15)

Altars:


Innate Abilities, Weirdness & Mutations

You are immune to poison.
You have sharp fingernails.
Your flesh is cold resistant. (rC+)
You are immune to negative energy. (rN+++)
You do not regenerate when monsters are visible.
You are immune to unholy pain and torment.
You thrive by killing the living.


Message History

You closely miss the kobold. The kobold barely misses you.
You barely miss the kobold. The kobold barely misses you.
You closely miss the kobold. The kobold barely misses you.
You closely miss the kobold. The kobold hits you with a +0 whip.
Casting: Necrotise (safe; 6% risk of failure)
Confirm with . or Enter, or press ? or * to list all spells.
Aiming: Necrotise (safe; 6% risk of failure)
Press: ? - help, Shift-Dir - straight line, f - kobold
Aim: a kobold, wielding a +0 whip and quivering stones (chance to affect: 76%)
You miscast Necrotise.
You are very lightly contaminated with residual magic.
Nothing appears to happen.
The kobold closely misses you.
Casting: Necrotise (safe; 6% risk of failure)
Confirm with . or Enter, or press ? or * to list all spells.
Aiming: Necrotise (safe; 6% risk of failure)
Press: ? - help, Shift-Dir - straight line, f/p - kobold
Aim: a kobold, wielding a +0 whip and quivering stones (chance to affect: 76%)
The kobold barely resists.
The kobold hits you with a +0 whip.
Casting: Necrotise (safe; 6% risk of failure)
Confirm with . or Enter, or press ? or * to list all spells.
You don't have enough magic to cast this spell.
Unknown command.
You closely miss the kobold. The kobold hits you with a +0 whip.
You are now empty-clawed.
Really attack while wielding nothing? [Y]es or [N]o only, please.
Really attack while wielding nothing?
You closely miss the kobold. The kobold closely misses you.
You scratch the kobold.
The kobold is heavily wounded.
The kobold hits you with a +0 whip.
* * * LOW HITPOINT WARNING * * *
You are too injured to fight recklessly!
It was a potion of attraction.
You feel attractive to monsters. The kobold barely misses you.
You barely miss the kobold.
The kobold is heavily wounded.
The kobold hits you with a +0 whip.
You die...

#.##.#### #.......####
########.##....#
#........##....#
#..............#
###..............#
..............###########
..............#.........#
.......K@.....#.#######.#
....#.#.................#
... #.......#.#.#.......#
.K #.......#.#.#.......#
. #.........#.#.####..#
#.#.......#.........#
#.#>......#...#####.#
#.#.......#... #.#
##....#... #.#


You could see a kobold.

Vanquished Creatures
  A goblin (D:1)
  A hobgoblin (D:1)
  A bat (D:1)
  A kobold (D:1)
4 creatures vanquished.

Notes
Turn   | Place    | Note
-------+----------+-------------------------------------------
     0 | D:1      | stormannn the Ghoul Necromancer began the quest for the
                  | Orb.
     0 | D:1      | Reached XP level 1. HP: 14/14 MP: 2/2
   199 | D:1      | Slain by a kobold

Illustrated notes

Levels and vault maps discovered:
D:1:      dpeg_arrival_rooms_c, layout_basic, shapermc_ecumenical_altar_petra

Action                   || total
-------------------------++-------
Melee: Unarmed           ||    18
       Short sword       ||     5
 Cast: Necrotise         ||     6
  Use: Potion            ||     1
Armor: Robe              ||     2
Dodge: Dodged            ||    18

Table legend: (Time is in decaauts)
 A = Elapsed time spent in this place.
 B = Non-inter-level travel time spent in this place.
 C = Inter-level travel time spent in this place.
 D = Time resting spent in this place.
 E = Time spent auto-exploring this place.
 F = Levels seen in this place.
 G = Mean time per level.
                   A        B        C        D        E       F      G
               +--------+--------+--------+--------+--------+-----+--------+
         Total |    197 |    197 |      0 |     11 |      0 |   1 |  197.0 |
       Dungeon |    197 |    197 |      0 |     11 |      0 |   1 |  197.0 |
               +--------+--------+--------+--------+--------+-----+--------+

Top non-repeatable levels by time:
     D:1: 197 daAuts
